Map: King Sejong Station LE

Players

Fropez

  • Race: Protoss Protoss
  • League: Gold
  • Spawn Location: 11:00

MattyMay - Winner!

  • Race: Terran Terran
  • League: Gold
  • Spawn Location: 5:00

VOD

Have the link to the VOD?

Description

Time

  • Played on: Nov. 13, 2016, 7:11 p.m.
  • Length: 6:36
Show
View Real Time Build Order
Export as new Build Order

Fropez Protoss 

Build Orders:  

Get SALT Encoding   

  12  0:01  Probe (Chrono Boost)  
  13  0:12  Probe (Chrono Boost)  
  14  0:20  Pylon  
  14  0:22  Probe (Chrono Boost)  
  15  0:38  Probe (Chrono Boost)  
  15  0:39  Gateway  
  16  0:48  Probe (Chrono Boost)  
  17  0:56  Assimilator  
  17  0:59  Probe (Chrono Boost)  
  18  1:04  Gateway  
  18  1:10  Probe (Chrono Boost)  
  19  1:20  Probe (Chrono Boost)  
  19  1:25  Pylon  
  20  1:31  Probe (Chrono Boost)  
  21  1:40  Assimilator  
  21  1:41  Probe (Chrono Boost)  
  22  1:52  Probe (Chrono Boost)  
  23  2:02  Probe (Chrono Boost)  
  23  2:04  Cybernetics Core  
  24  2:12  Forge  
  24  2:20  Pylon  
  24  2:23  Zealot x2  
  26  2:52  Photon Cannon  
  26  2:57  Mothership Core (Chrono Boost)  
  26  3:15  Probe (Chrono Boost)  
  25  3:24  Warp Gate (Chrono Boost)  
  25  3:25  Probe (Chrono Boost)  
  24  3:41  Probe  
  24  3:48  Pylon  
  25  3:53  Probe  
  25  3:55  Adept x2  
  30  3:56  Photon Cannon  
  29  4:10  Protoss Ground Weapons Level 1 (Chrono Boost)  
  29  4:12  Robotics Facility  
  29  4:15  Mothership Core  
  30  4:22  Pylon  
  30  4:25  Pylon  
  30  4:34  Stalker x2  
  34  4:43  Probe  
  35  4:59  Immortal  
  35  5:20  Photon Cannon  
  34  5:32  Stalker x2  
  32  5:38  Mothership Core (Chrono Boost)  
  32  5:58  Adept x2  
  36  6:07  Pylon  
  35  6:14  Photon Cannon  
  35  6:30  Stalker  
Show
View Real Time Build Order
Export as new Build Order

MattyMay Terran - Winner!

Build Orders:  

Get SALT Encoding   

  12  0:01  SCV  
  13  0:13  SCV  
  14  0:18  Supply Depot  
  14  0:25  SCV  
  15  0:40  SCV  
  16  0:43  Barracks  
  16  0:47  Refinery  
  16  0:53  SCV  
  17  0:58  Refinery  
  17  1:05  SCV  
  18  1:17  SCV  
  19  1:30  Reaper  
  20  1:39  Orbital Command  
  20  1:45  Factory  
  20  1:56  Supply Depot  
  20  2:00  Supply Depot  
  20  2:05  Barracks Reactor  
  20  2:07  SCV  
  21  2:21  SCV  
  22  2:42  Factory Tech Lab  
  22  2:43  Starport  
  22  2:44  Marine x2  
  22  2:46  SCV  
  25  2:59  SCV  
  25  3:01  Siege Tank  
  25  3:02  Marine x2  
  31  3:20  Marine x2  
  31  3:23  Medivac  
  34  3:37  Marine  
  34  3:38  Marine  
  36  3:45  Siege Tank  
  39  3:57  Marine  
  39  4:02  Supply Depot  
  39  4:03  Supply Depot  
  39  4:18  Marine x2, SCV, Medivac  
  44  4:33  Siege Tank  
  44  4:35  Marine x2  
  49  4:40  SCV  
  50  4:53  Marine x2  
  45  5:57  Marine x2  
Tags
 
Add a new tag
Caveats
  • Supply blocks, unpowered buildings, or Contaminate may cause inaccurate times.
  • Supply counts are checked every 10 seconds.